 Dungeon Crawl Stone Soup version 0.32-a0-909-gc671339a80 (webtiles) character file.

Game seed: 6263618306964956123

114 Esekla the Grasshopper (level 4, 0/37 HPs)
             Began as a Demonspawn Wanderer on Apr 6, 2024.
             Slain by a gnoll
             ... wielding a +0 flail
              (3 damage)
             ... on level 3 of the Dungeon.
             The game lasted 00:13:48 (1892 turns).

Esekla the Grasshopper (Demonspawn Wanderer)        Turns: 1892, Time: 00:13:49

Health: 0/37       AC:  4    Str:  9    XL:     4   Next: 67%
Magic:  5/6        EV:  5    Int: 21    God:
Gold:   136        SH:  0    Dex: 15    Spells: 0/6 levels left

rFire   . . .        a - +0 short sword (chaos)
rCold   . . .        (no shield)
rNeg    . . .        c - +0 robe
rPois   .            (helmet restricted)
rElec   .            (no cloak)
rCorr   .            (no gloves)
SInv    .            (no boots)
Will    .....        l - amulet of magic regeneration
Stlth   ++           f - +6 ring of dexterity
HPRegen 0.26/turn    (no ring)
MPRegen 0.50/turn

%: no passive effects
@: held
A: antennae 1, yellow scales 1, ignite blood 1
a: no special abilities


You were on level 3 of the Dungeon.
You visited 1 branch of the dungeon, and saw 3 of its levels.

You collected 136 gold pieces.

Inventory:

Hand Weapons
 a - a +0 short sword of chaos (weapon)
Missiles
 q - 3 poisoned darts (quivered)
Armour
 c - a +0 robe (worn)
Jewellery
 f - a +6 ring of dexterity (left hand)
 i - a ring of fire
 l - an amulet of magic regeneration (around neck)
Scrolls
 d - a scroll of fog
 j - 4 scrolls of blinking {unknown}
 m - a scroll of noise {unknown}
 n - a scroll of amnesia {unknown}
 o - a scroll of identify {unknown}
Potions
 b - a potion of berserk rage
 e - a potion of attraction {unknown}
 g - 2 potions of might {unknown}
 h - a potion of cancellation {unknown}


   Skills:
 * Level 3.7 Fighting
 + Level 1.4 Short Blades
 + Level 0.1 Throwing
 + Level 1.3 Dodging
 + Level 0.4 Stealth
 * Level 1.5 Spellcasting
 * Level 1.2 Conjurations
 + Level 3.7 Translocations
 * Level 1.3 Ice Magic
 + Level 1.2 Invocations


You couldn't memorise any spells.
You knew the following spells:

 Your Spells              Type           Power      Damage    Failure   Level
e - Searing Ray           Conj           12%        2d4       14%         2
p - Apportation           Tloc           34%        N/A       3%          1
r - Frozen Ramparts       Ice            14%        1d3       26%         3

Your spell library contained the following spells:

 Spells                   Type           Power      Damage    Failure   Level
 Lesser Beckoning         Tloc           34%        N/A       4%          2
 Freeze                   Ice            28%        1d5       9%          1
 Magic Dart               Conj           24%        1d4       10%         1
 Teleport Other           Tloc           17%        N/A       10%         3
 Fulminant Prism          Conj/Alch      2%         3d5       77%         4


Dungeon Overview and Level Annotations

Branches:
Dungeon (3/15)

Altars:

Annotations:
D:3 Sigmund


Innate Abilities, Weirdness & Mutations

You have a pair of small antennae on your head.
You are partially covered in yellow scales. (AC +2)
Your demonic aura sometimes causes spilled blood to erupt in flames.


Message History

A rat comes into view.
There is a stone staircase leading up here.
Casting: Frozen Ramparts (quite dangerous; 26% risk of failure)
Confirm with . or Enter, or press ? or * to list all spells.
Aiming: Searing Ray (safe; 14% risk of failure)
Press: ? - help, Shift-Dir - straight line, f - gnoll
Aim: a gnoll, wielding a +0 halberd and quivering a throwing net (77% to hit)
The searing ray hits the gnoll.
The gnoll is heavily wounded. (Press . to maintain the ray.)
The rat squeaks loudly.
The gnoll shouts!
The searing ray hits the gnoll.
The gnoll is almost dead.
The searing ray hits the gnoll!
The gnoll is heavily wounded.
The gnoll throws a throwing net.
The throwing net hits you.
You become entangled in the net!
The searing ray misses the gnoll.
You struggle against the net.
The gnoll hits you with a +0 flail. The rat bites you but does no damage.
The endoplasm hits you.
The gnoll hits you from afar with a +0 halberd!
You tear a large gash into the net.
An adder comes into view.
The rat barely misses you. The gnoll completely misses you.
The endoplasm freezes you.
You are frozen.
The gnoll hits you with a +0 club. The gnoll barely misses you.
The gnoll hits you with a +0 flail!
* * * LOW HITPOINT WARNING * * *
Okay, then.
Unknown command.
Okay, then.
As you read the scroll labelled FIPHIXZ KAESE, it crumbles to dust.
It is a scroll of brand weapon.
Your +0 short sword erupts in a glittering mayhem of colour.
a - a +0 short sword of chaos (weapon)
The adder hisses angrily.
The rat bites you.
* * * LOW HITPOINT WARNING * * *
The gnoll hits you with a +0 flail.
You die...

#)..#
.......#.#
#...# ....S...#
#!.. ### #
#.......### #..
# .##..........
.....
..............
.....
###.#...gg.....
.....
......gJg......
.....
#..@r......
.....
#######..##
##### ... .. #.
ß#. ... ... ...


You could see 4 gnolls, an adder, an endoplasm and a rat.

Vanquished Creatures
  A scorpion (D:3)
  A ribbon worm (D:2)
  A dart slug (D:2)
  3 endoplasms
  A giant cockroach (D:2)
  2 goblins (D:1)
  4 hobgoblins
  11 jackals
  4 kobolds
  2 quokkas
  6 ball pythons
  2 bats (D:1)
  4 frilled lizards
  4 rats
46 creatures vanquished.

Notes
Turn   | Place    | Note
-------+----------+-------------------------------------------
     0 | D:1      | Esekla the Demonspawn Wanderer began the quest for the Orb.
     0 | D:1      | Esekla set off with the following items: a +0 club, a
                  | potion of berserk rage, a +0 robe, a scroll of fog; and the
                  | following spells available to memorise: Apportation, Lesser
                  | Beckoning, Freeze, Teleport Other, Frozen Ramparts.
     0 | D:1      | Reached XP level 1. HP: 18/18 MP: 2/2
   166 | D:1      | Learned a level 1 spell: Apportation
   306 | D:1      | Gained mutation: Your demonic aura sometimes causes spilled
                  | blood to erupt in flames. [demonic ancestry]
   306 | D:1      | Reached XP level 2. HP: 16/24 MP: 3/3
   449 | D:1      | Learned a level 2 spell: Searing Ray
  1108 | D:2      | Gained mutation: You are partially covered in yellow
                  | scales. (AC +2) [demonic ancestry]
  1108 | D:2      | Reached XP level 3. HP: 29/29 MP: 0/4
  1208 | D:2      | Reached skill level 1 in Short Blades
  1483 | D:3      | Noticed a phantom
  1624 | D:3      | Noticed a scorpion
  1627 | D:3      | Noticed Sigmund
  1643 | D:3      | Killed a scorpion
  1644 | D:3      | Reached skill level 1 in Dodging
  1644 | D:3      | Reached skill level 1 in Conjurations
  1644 | D:3      | Gained mutation: You have a pair of small antennae on your
                  | head. [demonic ancestry]
  1644 | D:3      | Reached XP level 4. HP: 37/37 MP: 6/6
  1685 | D:2      | Learned a level 3 spell: Frozen Ramparts
  1892 | D:3      | Slain by a gnoll

Illustrated notes

Levels and vault maps discovered:
D:1:      lightli_arrival_lavapool, layout_loops_ring, minmay_door_square
D:2:      layout_rooms
D:3:      layout_loops_cross, mainiacjoe_overflow_alcove_4,
          gammafunk_ghost_mausoleum, uniq_sigmund

Skill      XL: |  1  2  3 |
---------------+----------+-----
Short Blades   | 1 |  1.4
Dodging        | 1 |  1.3
Conjurations   | 1 |  1.2
Fighting       | |  3.7
Throwing       | |  0.1
Stealth        | |  0.4
Spellcasting   | |  1.5
Translocations | |  3.7
Ice Magic      | |  1.3
Invocations    | |  1.2

Action                     |  1- 3 |  4- 6 || total
---------------------------+-------+-------++-------
  Melee: Short sword       |   131 |    11 ||   142
  Throw: Dart              |     6 |       ||     6
   Cast: Searing Ray       |     6 |     1 ||     7
         Apportation       |     2 |       ||     2
         Frozen Ramparts   |       |     1 ||     1
    Use: Scroll            |       |     1 ||     1
   Stab: Sleeping          |     2 |       ||     2
 Armour: Robe              |    88 |    16 ||   104
  Dodge: Dodged            |    67 |     6 ||    73

Table legend: (Time is in decaauts)
 A = Elapsed time spent in this place.
 B = Non-inter-level travel time spent in this place.
 C = Inter-level travel time spent in this place.
 D = Time resting spent in this place.
 E = Time spent auto-exploring this place.
 F = Levels seen in this place.
 G = Mean time per level.
                   A        B        C        D        E       F      G
               +--------+--------+--------+--------+--------+-----+--------+
         Total |   1886 |   1811 |     75 |    305 |    339 |   3 |  628.7 |
       Dungeon |   1886 |   1811 |     75 |    305 |    339 |   3 |  628.7 |
               +--------+--------+--------+--------+--------+-----+--------+

Top non-repeatable levels by time:
     D:1: 1044 daAuts
     D:2: 584 daAuts
     D:3: 258 daAuts
